 Dungeon Crawl Stone Soup version 0.20-a0-1065-g8446734 (webtiles) character file.

1126 galech the Skirmisher (level 8, -6/130 HPs)
             Began as an Ogre Berserker on Apr 28, 2017.
             Was a Priest of Trog.
             Splashed by a jelly's acid (10 damage)
             ... on level 6 of the Dungeon.
             The game lasted 00:12:44 (7863 turns).

galech the Skirmisher (Ogre Berserker)              Turns: 7863, Time: 00:12:44

Health: -6/130     AC: -5    Str: 29    XL:     8   Next: 35%
Magic:  8/8        EV: 11    Int:  8    God:    Trog [***...]
Gold:   429        SH:  4    Dex:  8    Spells: 7/7 levels left

rFire    . . .     SeeInvis .   a - +0 mace
rCold    . . .     Gourm    .   (no shield)
rNeg     . . .     Faith    .   b - +0 animal skin
rPois    +         Spirit   .   (helmet restricted)
rElec    .         Reflect  +   (no cloak)
rCorr    .         Harm     .   (gloves unavailable)
MR       +++..                  (boots unavailable)
Stlth    ..........             J - +4 amulet of reflection
Regen    1.4/turn               B - ring of poison resistance
MPRegen  0.2/turn               F - ring of protection from magic

@: berserking, corroded, regenerating, very quick
A: unfitting armour, tough skin 1
a: Berserk, Trog's Hand, Burn Spellbooks, Renounce Religion


You were on level 6 of the Dungeon.
You worshipped Trog.
Trog was most pleased with you.
You were very hungry.

You visited 1 branch of the dungeon, and saw 7 of its levels.

You collected 429 gold pieces.

Inventory:

Hand Weapons
 a - a +0 mace (weapon)
 o - a +0 flail
 x - a +0 giant club
Armour
 b - a +0 animal skin (worn)
Jewellery
 B - a ring of poison resistance (left hand)
 F - a ring of protection from magic (right hand)
 G - an uncursed ring of protection from magic
 J - a +4 amulet of reflection (around neck)
Wands
 q - a wand of acid (5/15)
 y - a wand of random effects (29/48)
 H - a wand of digging (13/24)
 I - a wand of random effects (22/48)
Scrolls
 d - a scroll of enchant weapon {unknown}
 h - 3 scrolls of immolation {unknown}
 i - 5 scrolls of identify {unknown}
 j - 2 scrolls of remove curse {unknown}
 n - 3 scrolls of recharging {unknown}
 s - 2 scrolls of amnesia {unknown}
 t - a scroll of fog {unknown}
 u - a scroll of fear {unknown}
 w - 3 scrolls of teleportation {unknown}
 E - a scroll of enchant armour {unknown}
 K - a scroll of acquirement {unknown}
Potions
 e - a potion of magic {unknown}
 g - a potion of might {unknown}
 k - a potion of haste {unknown}
 m - a potion of cancellation {unknown}
 p - a potion of flight {unknown}
 r - a potion of degeneration {unknown}
 v - 2 potions of curing {unknown}
 z - a potion of heal wounds {unknown}
 A - a potion of brilliance {unknown}
 C - a potion of lignification {unknown}
 D - a potion of ambrosia {unknown}
Comestibles
 c - 8 bread rations
 f - 4 meat rations
 l - 3 royal jellies


   Skills:
 + Level 7.6 Fighting
 + Level 6.4 Maces & Flails
 + Level 4.9 Dodging
 + Level 1.7 Stealth


You had 7 spell levels left.
You didn't know any spells.

Dungeon Overview and Level Annotations

Branches:
Dungeon (7/15)
 Temple: D:4-7

Altars:
Cheibriados
Fedhas
Hepliaklqana
Kikubaaqudgha
Nemelex Xobeh
Sif Muna
Vehumet
Yredelemnul

Shops:
D:6 (

Annotations:
D:6 2 runed doors, exclusion: oklob plant


Innate Abilities, Weirdness & Mutations

You are too large for most types of armour.
You have tough skin. (AC +1)


Message History

Level annotation: 2 runed doors, exclusion: oklob plant
There is a stone staircase leading down here.
Your skin crawls.
You feel resistant to hostile enchantments.
You feel quite a bit more hungry. You block the bullfrog's attack.
The jelly hits you.
* * * LOW HITPOINT WARNING * * *
The acid corrodes you!
You are splashed with acid!
The acid burns!
* * * LOW HITPOINT WARNING * * *
The iguana barely misses you. The bullfrog hits you.
* * * LOW HITPOINT WARNING * * *
A red film seems to cover your vision as you go berserk!
You feel yourself moving faster!
You feel mighty!
You are feeling very hungry.
The bullfrog hits you!
* * * LOW HITPOINT WARNING * * *
The jelly hits you.
* * * LOW HITPOINT WARNING * * *
You are splashed with acid!
The acid burns!
You die...

.## ##...................##.....#
.####........####################
..##...###....# .....### ###..#
#....# #..## ..#### #<..#########
#.# #...##......## #.##
##..#........## #..#
##.l@........# ##.# #.F.J.......#
##.## #...........# .#..##
##..........# .##..#
#..........## ..##.#
##..........##
.....##########...[........##
##.......................#..##
###.....##..###..........##..####


You could see a bullfrog, an iguana and a jelly.

Vanquished Creatures
  A hippogriff (D:5)
  A phantom (D:4)
  2 ogres
  2 bullfrogs
  2 orc wizards
  A jelly (D:6)
  Ijyb (D:3)
  2 iguanas
  3 worker ants
  A hound skeleton (D:4)
  Robin (D:2)
  13 adders
  A shadow imp (D:5)
  An ooze (D:2)
  3 worms
  8 dart slugs
  A leopard gecko (D:5)
  17 orcs
  A ball python (D:1)
  3 giant cockroaches
  23 goblins
  9 hobgoblins
  14 jackals
  8 kobolds
  5 quokkas
  8 bats
  5 frilled lizards
  2 quokka zombies (D:5)
  8 rats
147 creatures vanquished.

Notes
Turn   | Place    | Note
-------+----------+-------------------------------------------
     0 | D:1      | galech the Ogre Berserker began the quest for the Orb.
     0 | D:1      | Reached XP level 1. HP: 24/24 MP: 1/1
   250 | D:1      | Reached XP level 2. HP: 31/32 MP: 2/2
   811 | D:1      | Reached XP level 3. HP: 40/40 MP: 3/3
  1091 | D:2      | Reached ** piety under Trog
  1250 | D:2      | Reached skill level 5 in Fighting
  1262 | D:2      | Reached XP level 4. HP: 45/50 MP: 4/4
  1615 | D:2      | Noticed Robin
  1657 | D:2      | Killed Robin
  1657 | D:2      | Reached XP level 5. HP: 12/57 MP: 5/5
  2064 | D:2      | Found a hazy altar of Hepliaklqana.
  2790 | D:3      | Reached *** piety under Trog
  2803 | D:3      | Noticed Ijyb
  2939 | D:3      | Killed Ijyb
  3036 | D:3      | Reached XP level 6. HP: 63/67 MP: 6/6
  3727 | D:3      | Found a deep blue altar of Sif Muna.
  3786 | D:4      | Noticed a phantom
  4069 | D:4      | Reached skill level 6 in Fighting
  4100 | D:4      | Killed a phantom
  4100 | D:4      | Reached skill level 5 in Maces & Flails
  4100 | D:4      | Reached skill level 1 in Stealth
  4100 | D:4      | Reached XP level 7. HP: 21/76 MP: 7/7
  4455 | D:4      | Found a snail-covered altar of Cheibriados.
  5118 | D:5      | Entered Level 5 of the Dungeon
  5521 | D:5      | Found an ancient bone altar of Kikubaaqudgha.
  5605 | D:5      | Noticed a hippogriff
  5613 | D:5      | Killed a hippogriff
  5613 | D:5      | Reached skill level 7 in Fighting
  6659 | D:5      | Reached XP level 8. HP: 25/87 MP: 8/8
  6884 | D:5      | Found a sparkling altar of Nemelex Xobeh.
  7179 | D:6      | Found a blossoming altar of Fedhas.
  7192 | D:6      | Noticed an oklob plant
  7262 | D:6      | Found a runed door.
  7272 | D:6      | Found a runed door.
  7458 | D:6      | Found Geocanug's Antique Weapon Boutique.
  7489 | D:6      | Found a radiant altar of Vehumet.
  7519 | D:6      | Found a basalt altar of Yredelemnul.
  7863 | D:6      | HP: 6/130 [bullfrog (9)]
  7863 | D:6      | Splashed by a jelly's acid

Vault maps used:
D:1:      dpeg_arrival_renting, minmay_close_crescents
D:2:      lemuel_round_altar, kennysheep_generic_room_6, uniq_robin
D:3:      lemuel_blue_sif_altar, uniq_ijyb
D:4:      kennysheep_little_box
D:5:      kennysheep_slugbush, nemelex_xobeh_ov_fountains_minmay,
          overflow_temple_1_default, first_bread, minmay_misc_feat_chi
D:6:      lemuel_insect_pit, old_standard_altar, tgw_fedhas,
          lemuel_doored_altar, serial_shops, nicolae_shop_overgrown_old_shop
D:7:      kennysheep_mini, minmay_temple_entry_trees

Skill      XL: |  1  2  3  4  5  6  7 |
---------------+----------------------+-----
Maces & Flails | 3 4 5 6 |  6.4
Fighting       | 5 6 7 |  7.6
Dodging        | 3 4 |  4.9
Stealth        | 1 |  1.7

Action                   |  1- 3 |  4- 6 |  7- 9 || total
-------------------------+-------+-------+-------++-------
Melee: Mace              |   130 |   253 |   201 ||   584
Invok: Berserk           |       |     3 |     1 ||     4
       Trog's Hand       |       |     2 |     2 ||     4
 Stab: Sleeping          |       |       |     2 ||     2
  Eat: Chunk             |     1 |    11 |    12 ||    24
       Royal jelly       |       |       |     1 ||     1
       Fruit             |       |       |     1 ||     1
Armor: Animal skin       |    54 |    69 |    47 ||   170
Dodge: Dodged            |    81 |   149 |   115 ||   345
Block: Other             |       |       |     5 ||     5
